 Dungeon Crawl Stone Soup version 0.31-a0-740-g87205ac768 (webtiles) character file.

Game seed: 16488047708471044547

36 pokeman the Magician (level 3, -1/20 HPs)
             Began as a Deep Elf Hedge Wizard on Sept 12, 2023.
             Slain by a black bear (6 damage)
             ... on level 2 of the Dungeon.
             The game lasted 00:02:49 (2592 turns).

pokeman the Magician (Deep Elf Hedge Wizard)        Turns: 2592, Time: 00:02:49

Health: -1/20      AC:  3    Str:  7    XL:     3   Next: 19%
Magic:  1/11       EV: 12    Int: 20    God:
Gold:   113        SH:  0    Dex: 14    Spells: 4/12 levels left

rFire   . . .        a - +0 dagger
rCold   . . .        (no shield)
rNeg    . . .        b - +0 robe
rPois   .            c - +0 hat
rElec   .            (no cloak)
rCorr   .            (no gloves)
SInv    .            g - +0 pair of boots
Will    .....        (no amulet)
Stlth   ++           (no ring)
HPRegen 0.23/turn    (no ring)
MPRegen 0.12/turn

%: no passive effects
@: very slightly contaminated
A: no striking features
a: no special abilities


You were on level 2 of the Dungeon.
You visited 1 branch of the dungeon, and saw 3 of its levels.

You collected 113 gold pieces.

Inventory:

Hand Weapons
 a - a +0 dagger (weapon)
Armour
 b - a +0 robe (worn)
 c - a +0 hat (worn)
 g - a +0 pair of boots (worn)
Scrolls
 e - 4 scrolls of identify {unknown}
 f - a scroll of teleportation {unknown}
 h - a scroll of torment {unknown}
 j - a scroll of acquirement {unknown}
 k - a scroll of enchant armour {unknown}
Potions
 d - a potion of magic
 i - a potion of might {unknown}
 l - a potion of haste {unknown}


   Skills:
 + Level 0.8 Fighting
 + Level 0.9 Armour
 - Level 2.4 Dodging
 - Level 2.4 Stealth
 * Level 5.1 Spellcasting
 + Level 1.8 Conjurations
 - Level 1.1 Summonings
 - Level 1.1 Translocations


You had 4 spell levels left.
You knew the following spells:

 Your Spells              Type           Power      Damage    Failure   Level
a - Magic Dart            Conj           48%        1d5       5%          1
b - Mephitic Cloud        Conj/Pois/Air  7%         N/A       26%         3
c - Call Imp              Summ           18%        N/A       11%         2
d - Blink                 Tloc           18%        N/A       11%         2

Your spell library contained the following spells:

 Spells                   Type           Power      Damage    Failure   Level
 Slow                     Hex            20%        N/A       12%         1
 Cigotuvi's Dreadful Rot  Necr/Pois/Air  10%        N/A       17%         2
 Vhi's Electric Charge    Tloc/Air       14%        N/A       67%         4
 Arcjolt                  Conj/Air       4%         1d14      91%         5
 Maxwell's Capacitive Co  Air            2%         ∞         100%        8


Dungeon Overview and Level Annotations

Branches:
Dungeon (3/15)

Altars:


Message History

Aim: a black bear (moderately wounded, confused, ally target, 100% to hit)
The magic dart hits the black bear.
The black bear is heavily wounded.
Your cerulean imp barely misses the black bear.
Unknown command.
Casting: Magic Dart (safe; 5% risk of failure)
Confirm with . or Enter, or press ? or * to list all spells.
Aiming: Magic Dart (safe; 5% risk of failure)
Press: ? - help, Shift-Dir - straight line, f/p - black bear
Aim: a black bear (heavily wounded, confused, ally target, 100% to hit)
The magic dart hits the black bear.
The black bear is heavily wounded.
The black bear seems less confused.
Your cerulean imp hits the black bear but does no damage.
Casting: Magic Dart (safe; 5% risk of failure)
Confirm with . or Enter, or press ? or * to list all spells.
Aiming: Mephitic Cloud (extremely dangerous; 26% risk of failure)
Press: ? - help, Shift-Dir - straight line, f/p - black bear
Aim: a black bear (heavily wounded, ally target, chance to affect: 72%)
You miscast Mephitic Cloud.
You are very lightly contaminated with residual magic.
Nothing appears to happen.
Your cerulean imp hits the black bear with a -4 spear.
You hit the black bear.
The black bear is severely wounded.
Your cerulean imp hits the black bear with a -4 spear.
The black bear goes berserk!
Unknown command.
Your cerulean imp hits the black bear but does no damage.
The black bear attacks as it pursues you!
The black bear closely misses you. The black bear claws you.
The black bear claws you but does no damage.
The black bear barely misses you.
The black bear claws you but does no damage.
The black bear claws you.
* * * LOW HITPOINT WARNING * * *
Your cerulean imp hits the black bear from afar with a -4 spear.
The black bear bites you but does no damage.
The black bear claws you.
You die...

#.# #.~≈≈~~..'.....#.#....###.#.
#.###)~###~..#.....#.#.#....#.#+
#.....~≈≈≈~..#.....#.#.#....#...
#####.~~#≈≈..#†>...#.#.#....#...
#.~≈#≈~#.##.####.#.#....#...
#.~≈#≈≈..##5# ##.#'#....#...
#.~≈≈≈~#.##.# #.............
#.≈###~..##h# #.............
#.~≈~~~..##@###.>...#.......
######.#.................###.....
#......#.####.##.###.............
##.#####.# #....................
##.#####.#######.#########.......
#................# #....#.......
########.######### #.#.##.......
#.# #..####....# #.#.##.....##
#.# #....##....####.#.##.....#


You could see a black bear (berserk, ally target) and a friendly cerulean imp
(summoned).

Vanquished Creatures
  2 worms (D:2)
  A dart slug (D:1)
  4 ball pythons
  2 bats (D:1)
  3 giant cockroaches (D:1)
  2 jackals (D:1)
  A quokka (D:1)
  2 frilled lizards (D:2)
  5 goblins
  3 kobolds (D:2)
  2 rats
27 creatures vanquished.

Notes
Turn   | Place    | Note
-------+----------+-------------------------------------------
     0 | D:1      | pokeman the Deep Elf Hedge Wizard began the quest for the
                  | Orb.
     0 | D:1      | Reached XP level 1. HP: 10/10 MP: 7/7
   279 | D:1      | Reached XP level 2. HP: 16/16 MP: 0/9
   899 | D:1      | Reached skill level 5 in Spellcasting
  1713 | D:2      | Reached XP level 3. HP: 16/20 MP: 0/11
  1717 | D:2      | Learned a level 3 spell: Mephitic Cloud
  1720 | D:2      | Learned a level 2 spell: Call Imp
  1723 | D:2      | Learned a level 2 spell: Blink
  2576 | D:3      | Noticed a black bear
  2592 | D:2      | Slain by a black bear

Illustrated notes

Levels and vault maps discovered:
D:1:      dpeg_arrival_central, layout_loops_ring, nrook_campfire,
          minmay_tetromino_t2
D:2:      layout_basic, st_stairs_1, dk_noncrumbling_3, kennysheep_cross_room,
          minmay_crystal_water
D:3:      layout_rooms, grunt_temple_overflow_holy_war,
          mainiacjoe_overflow_paths, nicolae_wu_jian_immortal_techniques,
          serial_bayou_crossing

Skill      XL: |  1  2 |
---------------+-------+-----
Spellcasting   | 5 |  5.1
Fighting       | |  0.8
Armour         | |  0.9
Dodging        | |  2.4
Stealth        | |  2.4
Conjurations   | |  1.8
Summonings     | |  1.1
Translocations | |  1.1

Action                     || total
---------------------------++-------
  Melee: Dagger            ||     6
   Cast: Magic Dart        ||    83
         Mephitic Cloud    ||     1
         Call Imp          ||     1
 Armour: Robe              ||    20
  Dodge: Dodged            ||    14

Table legend: (Time is in decaauts)
 A = Elapsed time spent in this place.
 B = Non-inter-level travel time spent in this place.
 C = Inter-level travel time spent in this place.
 D = Time resting spent in this place.
 E = Time spent auto-exploring this place.
 F = Levels seen in this place.
 G = Mean time per level.
                   A        B        C        D        E       F      G
               +--------+--------+--------+--------+--------+-----+--------+
         Total |   2592 |   2544 |     48 |      0 |   2362 |   3 |  864.0 |
       Dungeon |   2592 |   2544 |     48 |      0 |   2362 |   3 |  864.0 |
               +--------+--------+--------+--------+--------+-----+--------+

Top non-repeatable levels by time:
     D:2: 1407 daAuts
     D:1: 1182 daAuts
     D:3: 2 daAuts
